Boston Bruins vs Detroit Red Wings
Created - Monday, June 12, 2023 at 07:01
Goals
|
| Boston Bruins |
2 |
1 |
0 |
3 |
| Detroit Red Wings |
3 |
5 |
0 |
8 |
|
Shots
|
| Boston Bruins |
6 |
3 |
17 |
26 |
| Detroit Red Wings |
8 |
17 |
14 |
39 |
|
1st period
1. Boston Bruins , Ryan Donato 17 (Matt Grzelcyk 16) at 2:11
2. Detroit Red Wings , Mika Zibanejad 28 (Sean Couturier 37, Nick Ritchie 7) at 4:37
3. Detroit Red Wings , Daniel Sprong 6 (Michael Del Zotto 11) at 6:54
4. Boston Bruins , Brock McGinn 9 (Samuel Girard 27) at 12:21
5. Detroit Red Wings , Nick Ritchie 4 (Jared McCann 19, Shayne Gostisbehere 23) at 14:42
Penalties :
MacKenzie Weegar (DET) for Interference (Minor) at 18:20
2nd period
6. Detroit Red Wings , Shayne Gostisbehere 7 (Tyler Ennis 10, Jared McCann 20) at 0:44
7. Detroit Red Wings , Shayne Gostisbehere 8 (Brock Nelson 21, Mika Zibanejad 46) at 1:25
8. Detroit Red Wings , Auston Matthews 48 (Jonathan Huberdeau 57) at 1:54 (PP)
9. Detroit Red Wings , Mika Zibanejad 29 (Jamie Drysdale 19, Sean Couturier 38) at 7:36 (PP)
10. Detroit Red Wings , Sean Couturier 23 (Michael Del Zotto 12, Mika Zibanejad 47) at 8:07 (SH)
11. Boston Bruins , Joel Farabee 24 (Matt Grzelcyk 17, Pavel Zacha 24) at 18:08
Penalties :
Joel Farabee (BOS) for Hooking (Minor) at 1:48, Mason Appleton (BOS) for Interference (Minor) at 7:24, Kris Letang (DET) for Roughing (Minor) at 7:52
3rd period
No Goal
Penalties :
Matt Grzelcyk (BOS) for Tripping (Minor) at 8:20, MacKenzie Weegar (DET) for Holding (Minor) at 14:34
Goalie Stats
David Rittich (BOS), 31 saves from 39 shots - (0.795), L, 12-27-5, 60:00 minutes
Semyon Varlamov (DET), 23 saves from 26 shots - (0.885), W, 27-12-3, 60:00 minutes
Players Stats for Boston Bruins
Player Name G A P +/- PIM S H SB GA TA FO MP PP MP PK MP
------------------------------------------------------------------------------------
Anthony Beauvillier 0 0 0 1 0 0 0 0 2 1 1/1 15:07 0:00 0:13
Brandon Hagel 0 0 0 -2 0 1 1 1 0 0 0/1 15:24 0:00 0:00
Brock McGinn 1 0 1 0 0 2 1 1 0 1 0/0 12:19 0:00 0:00
Charlie McAvoy 0 0 0 -1 0 2 2 3 1 1 0/0 21:02 3:18 1:09
Danton Heinen 0 0 0 -1 0 0 1 0 0 1 0/0 8:58 0:00 0:00
Joel Farabee 1 0 1 1 2 2 4 0 2 0 0/2 18:56 2:54 1:10
Joonas Donskoi 0 0 0 0 0 2 2 0 1 1 0/0 15:23 2:54 0:00
Jordan Spence 0 0 0 -1 0 1 0 2 0 1 0/0 17:36 0:00 0:00
Mason Appleton 0 0 0 -1 2 3 1 1 0 0 0/0 8:57 0:00 0:00
Matt Grzelcyk 0 2 2 -1 2 0 0 1 0 0 0/0 20:24 2:39 0:00
Morgan Geekie 0 0 0 -1 0 0 3 0 0 0 1/3 8:58 0:00 0:00
Pavel Zacha 0 1 1 0 0 2 3 1 0 1 8/19 18:57 3:03 1:10
Phil Kessel 0 0 0 -3 0 1 1 0 0 1 2/2 19:22 3:03 0:54
Ryan Donato 1 0 1 0 0 5 0 0 1 1 2/6 15:36 2:54 0:02
Samuel Girard 0 1 1 -1 0 0 0 3 0 1 0/0 21:02 3:18 1:09
Tyson Barrie 0 0 0 -2 0 2 0 1 0 0 0/0 21:44 2:39 1:08
Victor Mete 0 0 0 0 0 0 0 0 0 3 0/0 18:22 0:00 1:08
Vincent Trocheck 0 0 0 -3 0 3 1 2 1 1 8/18 19:33 3:03 1:05
Players Stats for Detroit Red Wings
Player Name G A P +/- PIM S H SB GA TA FO MP PP MP PK MP
------------------------------------------------------------------------------------
Arthur Kaliyev 0 0 0 -1 0 0 1 0 0 0 0/0 16:05 0:00 0:00
Auston Matthews 1 0 1 -1 0 2 2 2 1 0 20/34 20:44 1:10 2:53
Brock Nelson 0 1 1 1 0 0 2 0 4 0 0/0 18:30 1:07 2:53
Daniel Sprong 1 0 1 0 0 3 0 0 1 0 0/0 9:40 0:00 0:00
Jamie Drysdale 0 1 1 1 0 1 0 1 1 0 0/0 16:57 1:02 0:55
Jared McCann 0 2 2 2 0 0 1 0 0 1 1/5 12:32 1:10 0:00
Jason Spezza 0 0 0 0 0 2 1 0 0 2 3/3 9:26 0:00 0:00
Jason Zucker 0 0 0 0 0 1 0 0 1 0 0/0 9:26 0:00 0:00
Jonathan Huberdeau 0 1 1 -1 0 4 2 1 1 0 0/2 17:15 1:10 0:00
Keith Yandle 0 0 0 1 0 0 1 0 0 1 0/0 13:55 0:00 2:03
Kris Letang 0 0 0 -1 2 3 3 2 0 0 0/0 26:25 1:15 2:02
MacKenzie Weegar 0 0 0 0 4 2 2 2 1 0 0/0 22:42 1:15 0:50
Michael Del Zotto 0 2 2 3 0 3 0 2 1 0 0/0 20:25 0:00 3:42
Mika Zibanejad 2 2 4 2 0 6 1 0 0 0 5/7 18:28 1:07 3:04
Nick Ritchie 1 1 2 2 0 2 1 1 0 0 0/0 11:22 0:00 0:00
Sean Couturier 1 2 3 2 0 4 1 0 2 1 0/0 18:28 1:07 3:04
Shayne Gostisbehere 2 1 3 2 0 4 0 1 0 3 0/0 20:18 1:02 2:22
Tyler Ennis 0 1 1 2 0 2 1 1 1 0 1/1 11:22 0:00 0:00
3 Stars
1 - Mika Zibanejad (DET)
2 - Shayne Gostisbehere (DET)
3 - Sean Couturier (DET)
Power Play
Boston Bruins - 0 on 3 Attempt(s) - 0.00%
Detroit Red Wings - 2 on 3 Attempt(s) - 66.67%
Penalty Kill
Boston Bruins - 1 on 3 Attempt(s) - 33.33%
- Score 0 goal in Penalty Kill
Detroit Red Wings - 3 on 3 Attempt(s) - 100.00%
- Score 1 goal in Penalty Kill
Team Stat
Boston Bruins - Hits : 20 - Faceoff Wins : 22 - Blocked Shots : 16 - Penalty Minutes : 6
Detroit Red Wings - Hits : 19 - Faceoff Wins : 30 - Blocked Shots : 13 - Penalty Minutes : 6
Official
Referees : Gord Dwyer and Tim Peel
Linesman : Lonnie Cameron and Brian Murphy
Game Notes
No Game Note
Finance
Level 1 -- Attendance: 4746 (79.10%) -- Ticket Income $474,600
Level 2 -- Attendance: 3558 (71.16%) -- Ticket Income $213,480
Level 3 -- Attendance: 2311 (77.03%) -- Ticket Income $80,885
Level 4 -- Attendance: 3541 (70.82%) -- Ticket Income $88,525
Luxury Box -- Attendance: 801 (80.10%) -- Ticket Income $160,200
Game was played at the Joe Louis Arena.
Total Attendance: 14957 (74.79%)
Total Ticket Income: $1,017,690
Other Income: $356,192
Total Income: $1,373,882
Boston Bruins
5 vs 5 Forward
Center Left Wing Right Wing Time % Phy DF OF
1 Vincent Trocheck Phil Kessel Brandon Hagel 30 1 2 2
2 Pavel Zacha Joel Farabee Anthony Beauvillier 30 1 2 2
3 Ryan Donato Joonas Donskoi Brock McGinn 25 1 2 2
4 Morgan Geekie Danton Heinen Mason Appleton 15 1 2 2
5 vs 5 Defense
Defense Defense Time % Phy DF OF
1 Charlie McAvoy Samuel Girard 35 1 2 2
2 Tyson Barrie Jordan Spence 35 1 2 2
3 Matt Grzelcyk Victor Mete 30 1 2 2
4 Charlie McAvoy Samuel Girard 0 1 2 2
PowerPlay Forward
Center Left Wing Right Wing Time % Phy DF OF
1 Vincent Trocheck Pavel Zacha Phil Kessel 50 1 2 2
2 Ryan Donato Joel Farabee Joonas Donskoi 50 1 2 2
PowerPlay Defense
Defense Defense Time % Phy DF OF
1 Charlie McAvoy Samuel Girard 50 1 2 2
2 Tyson Barrie Matt Grzelcyk 50 1 2 2
Penalty Kill 4 Players Forward
Center Wing Time % Phy DF OF
1 Vincent Trocheck Phil Kessel 50 1 2 2
2 Pavel Zacha Joel Farabee 50 1 2 2
Penalty Kill 4 Players Defense
Defense Defense Time % Phy DF OF
1 Charlie McAvoy Samuel Girard 50 1 2 2
2 Tyson Barrie Victor Mete 50 1 2 2
Penalty Kill - 3 Players Forward
Forward Time % Phy DF OF
1 Vincent Trocheck 50 1 2 2
2 Phil Kessel 50 1 2 2
Penalty Kill - 3 Players Defense
Defense Defense Time % Phy DF OF
1 Charlie McAvoy Samuel Girard 50 1 2 2
2 Tyson Barrie Victor Mete 50 1 2 2
4 vs 4 Forward
Center Wing Time % Phy DF OF
1 Vincent Trocheck Phil Kessel 50 1 2 2
2 Pavel Zacha Joel Farabee 50 1 2 2
4 vs 4 Defense
Defense Defense Time % Phy DF OF
1 Charlie McAvoy Samuel Girard 50 1 2 2
2 Tyson Barrie Matt Grzelcyk 50 1 2 2
Last Minutes Offensive
Center Left Wing Right Wing Defense Defense
Vincent Trocheck Pavel Zacha Phil Kessel Charlie McAvoy Samuel Girard
Last Minutes Defensive
Center Left Wing Right Wing Defense Defense
Vincent Trocheck Pavel Zacha Phil Kessel Charlie McAvoy Samuel Girard
Goaltenders
Starting : David Rittich
Backup : Pyotr Kochetkov
Extra Forwards
Normal : Mason Appleton, Brandon Hagel, Anthony Beauvillier - PP : Mason Appleton, Brandon Hagel - PK : Anthony Beauvillier
Extra Defensemen
Normal : Matt Grzelcyk, Victor Mete, Tyson Barrie - PP : Matt Grzelcyk - PK : Victor Mete, Tyson Barrie
Penalty Shots
Vincent Trocheck, Phil Kessel, Pavel Zacha, Joel Farabee, Brandon Hagel
Detroit Red Wings
5 vs 5 Forward
Center Left Wing Right Wing Time % Phy DF OF
1 Auston Matthews Jonathan Huberdeau Arthur Kaliyev 40 1 2 2
2 Mika Zibanejad Brock Nelson Sean Couturier 30 1 2 2
3 Jared McCann Tyler Ennis Nick Ritchie 20 1 2 2
4 Jason Spezza Jason Zucker Daniel Sprong 10 1 2 2
5 vs 5 Defense
Defense Defense Time % Phy DF OF
1 Kris Letang MacKenzie Weegar 40 1 2 2
2 Michael Del Zotto Shayne Gostisbehere 30 1 2 2
3 Jamie Drysdale Keith Yandle 20 1 2 2
4 Kris Letang Jamie Drysdale 10 1 2 2
PowerPlay Forward
Center Left Wing Right Wing Time % Phy DF OF
1 Auston Matthews Jonathan Huberdeau Jared McCann 50 1 2 2
2 Mika Zibanejad Brock Nelson Sean Couturier 50 1 2 2
PowerPlay Defense
Defense Defense Time % Phy DF OF
1 Kris Letang MacKenzie Weegar 50 1 2 2
2 Shayne Gostisbehere Jamie Drysdale 50 1 2 2
Penalty Kill 4 Players Forward
Center Wing Time % Phy DF OF
1 Auston Matthews Brock Nelson 50 1 2 2
2 Mika Zibanejad Sean Couturier 50 1 2 2
Penalty Kill 4 Players Defense
Defense Defense Time % Phy DF OF
1 Kris Letang MacKenzie Weegar 50 1 2 2
2 Shayne Gostisbehere Michael Del Zotto 50 1 2 2
Penalty Kill - 3 Players Forward
Forward Time % Phy DF OF
1 Mika Zibanejad 50 1 2 2
2 Sean Couturier 50 1 2 2
Penalty Kill - 3 Players Defense
Defense Defense Time % Phy DF OF
1 Kris Letang MacKenzie Weegar 50 1 2 2
2 Shayne Gostisbehere Jamie Drysdale 50 1 2 2
4 vs 4 Forward
Center Wing Time % Phy DF OF
1 Auston Matthews Jonathan Huberdeau 60 1 2 2
2 Mika Zibanejad Sean Couturier 40 1 2 2
4 vs 4 Defense
Defense Defense Time % Phy DF OF
1 Kris Letang MacKenzie Weegar 60 1 2 2
2 Shayne Gostisbehere Jamie Drysdale 40 1 2 2
Last Minutes Offensive
Center Left Wing Right Wing Defense Defense
Auston Matthews Jonathan Huberdeau Mika Zibanejad Kris Letang MacKenzie Weegar
Last Minutes Defensive
Center Left Wing Right Wing Defense Defense
Auston Matthews Sean Couturier Mika Zibanejad Kris Letang MacKenzie Weegar
Goaltenders
Starting : Semyon Varlamov
Backup : Sergei Bobrovsky
Extra Forwards
Normal : Sean Couturier, Daniel Sprong, Arthur Kaliyev - PP : Jason Spezza, Nick Ritchie - PK : Jason Spezza
Extra Defensemen
Normal : Michael Del Zotto, Keith Yandle, Shayne Gostisbehere - PP : Keith Yandle - PK : Michael Del Zotto, Keith Yandle
Penalty Shots
Mika Zibanejad, Jonathan Huberdeau, Auston Matthews, Sean Couturier, Kris Letang
% Time on Ice - Boston Bruins
Lines # - Real PCT - Wanted PCT - Time Play
Normal Forward
1 - 30% - 30% - 15:25
2 - 29% - 30% - 15:04
3 - 24% - 25% - 12:19
4 - 17% - 15% - 8:58
Normal Defense
1 - 32% - 35% - 16:35
2 - 36% - 35% - 18:23
3 - 32% - 30% - 16:48
4 - 0% - 0% - 0:00
PP Forward
1 - 51% - 50% - 3:03
2 - 49% - 50% - 2:54
PP Defense
1 - 55% - 50% - 3:18
2 - 45% - 50% - 2:39
PK Forward
1 - 47% - 50% - 1:05
2 - 53% - 50% - 1:12
PK Defense
1 - 50% - 50% - 1:09
2 - 50% - 50% - 1:08
PK3 Forward
1 - 0% - 50%
2 - 0% - 50%
PK3 Defense
1 - 0% - 50%
2 - 0% - 50%
44 Forward
1 - 0% - 50%
2 - 0% - 50%
44 Defense
1 - 0% - 50%
2 - 0% - 50%
Last Minute Offensive - 0:00
Last Minute Defensive - 0:00
Total
Forward - 60:00
Defense - 60:00
|
% Time on Ice - Detroit Red Wings
Lines # - Real PCT - Wanted PCT - Time Play
Normal Forward
1 - 32% - 40% - 16:41
2 - 28% - 30% - 14:17
3 - 22% - 20% - 11:22
4 - 18% - 10% - 9:26
Normal Defense
1 - 40% - 40% - 20:43
2 - 33% - 30% - 16:54
3 - 21% - 20% - 10:38
4 - 7% - 10% - 3:31
PP Forward
1 - 51% - 50% - 1:10
2 - 49% - 50% - 1:07
PP Defense
1 - 55% - 50% - 1:15
2 - 45% - 50% - 1:02
PK Forward
1 - 48% - 50% - 2:53
2 - 52% - 50% - 3:04
PK Defense
1 - 60% - 50% - 3:35
2 - 40% - 50% - 2:22
PK3 Forward
1 - 0% - 50%
2 - 0% - 50%
PK3 Defense
1 - 0% - 50%
2 - 0% - 50%
44 Forward
1 - 0% - 60%
2 - 0% - 40%
44 Defense
1 - 0% - 60%
2 - 0% - 40%
Last Minute Offensive - 0:00
Last Minute Defensive - 0:00
Total
Forward - 60:00
Defense - 60:00
|
Play-by-Play
1st period
0:01 of 1st period - Vincent Trocheck wins face-off versus Auston Matthews in neutral zone.
0:17 of 1st period - Slapshot by Auston Matthews.
0:17 of 1st period - Shot Misses the Net.
1:15 of 1st period - Wrist shot by Mason Appleton.
1:15 of 1st period - Shot Misses the Net.
1:17 of 1st period - Wrist shot by Mason Appleton.
1:17 of 1st period - Stopped by Semyon Varlamov without a rebound.
1:18 of 1st period - Auston Matthews wins face-off versus Pavel Zacha in Detroit Red Wings zone.
1:31 of 1st period - Auston Matthews is hit by Joel Farabee and loses puck.
1:46 of 1st period - Vincent Trocheck is hit by Brock Nelson and loses puck.
2:11 of 1st period - Slapshot by Ryan Donato.
2:11 of 1st period - Goal by Ryan Donato - Boston Bruins : 1 - Detroit Red Wings : 0.
2:12 of 1st period - Morgan Geekie wins face-off versus Auston Matthews in neutral zone.
3:51 of 1st period - Auston Matthews is hit by Pavel Zacha and loses puck.
4:35 of 1st period - Snap shot by Mika Zibanejad.
4:35 of 1st period - Shot Blocked by Brock McGinn.
4:37 of 1st period - Snap shot by Mika Zibanejad.
4:37 of 1st period - Goal by Mika Zibanejad - Boston Bruins : 1 - Detroit Red Wings : 1.
4:38 of 1st period - Auston Matthews wins face-off versus Vincent Trocheck in neutral zone.
5:32 of 1st period - Snap shot by Joonas Donskoi.
5:32 of 1st period - Stopped by Semyon Varlamov with a rebound.
5:45 of 1st period - Off-side.
5:46 of 1st period - Jason Spezza wins face-off versus Morgan Geekie in neutral zone.
5:52 of 1st period - Off-side.
5:53 of 1st period - Vincent Trocheck wins face-off versus Jonathan Huberdeau in neutral zone.
5:58 of 1st period - Slapshot by Brandon Hagel.
5:58 of 1st period - Shot Misses the Net.
6:19 of 1st period - Sean Couturier is hit by Brock McGinn and loses puck.
6:26 of 1st period - Wrist shot by Ryan Donato.
6:26 of 1st period - Stopped by Semyon Varlamov with a rebound.
6:52 of 1st period - Snap shot by Daniel Sprong.
6:52 of 1st period - Shot Misses the Net.
6:54 of 1st period - Snap shot by Daniel Sprong.
6:54 of 1st period - Goal by Daniel Sprong - Boston Bruins : 1 - Detroit Red Wings : 2.
6:55 of 1st period - Pavel Zacha wins face-off versus Auston Matthews in neutral zone.
7:35 of 1st period - Mika Zibanejad is hit by Vincent Trocheck and loses puck.
8:12 of 1st period - Wrist shot by Mika Zibanejad.
8:12 of 1st period - Stopped by David Rittich without a rebound.
8:13 of 1st period - Pavel Zacha wins face-off versus Auston Matthews in Boston Bruins zone.
8:13 of 1st period - Pavel Zacha is hit by Jonathan Huberdeau.
8:40 of 1st period - Joel Farabee is hit by Jason Spezza and loses puck.
9:28 of 1st period - Slapshot by Charlie McAvoy.
9:28 of 1st period - Shot Hit the Post.
9:52 of 1st period - Jason Spezza is hit by Danton Heinen and loses puck.
10:38 of 1st period - Slapshot by Daniel Sprong.
10:38 of 1st period - Stopped by David Rittich with a rebound.
11:02 of 1st period - Slapshot by Sean Couturier.
11:02 of 1st period - Stopped by David Rittich with a rebound.
11:12 of 1st period - Ryan Donato is hit by Kris Letang and loses puck.
11:51 of 1st period - Charlie McAvoy is hit by Mika Zibanejad and loses puck.
11:58 of 1st period - Snap shot by Mika Zibanejad.
11:58 of 1st period - Stopped by David Rittich with a rebound.
12:00 of 1st period - Snap shot by Mika Zibanejad.
12:00 of 1st period - Shot Misses the Net.
12:17 of 1st period - Snap shot by Brock McGinn.
12:17 of 1st period - Shot Blocked by Shayne Gostisbehere.
12:19 of 1st period - Snap shot by Brock McGinn.
12:19 of 1st period - Stopped by Semyon Varlamov with a rebound.
12:21 of 1st period - Wrist shot by Brock McGinn.
12:21 of 1st period - Goal by Brock McGinn - Boston Bruins : 2 - Detroit Red Wings : 2.
12:22 of 1st period - Pavel Zacha wins face-off versus Auston Matthews in neutral zone.
12:47 of 1st period - Vincent Trocheck is hit by Tyler Ennis and loses puck.
13:12 of 1st period - Michael Del Zotto is hit by Morgan Geekie and loses puck.
13:23 of 1st period - Danton Heinen is hit by Brock Nelson and loses puck.
13:39 of 1st period - Icing by Pavel Zacha.
13:40 of 1st period - Auston Matthews wins face-off versus Pavel Zacha in Boston Bruins zone.
13:43 of 1st period - Snap shot by Auston Matthews.
13:43 of 1st period - Stopped by David Rittich without a rebound.
13:44 of 1st period - Auston Matthews wins face-off versus Pavel Zacha in Boston Bruins zone.
13:58 of 1st period - Snap shot by Jonathan Huberdeau.
13:58 of 1st period - Shot Misses the Net.
14:14 of 1st period - Wrist shot by Vincent Trocheck.
14:14 of 1st period - Shot Blocked by Kris Letang.
14:42 of 1st period - Backhand shot by Nick Ritchie.
14:42 of 1st period - Goal by Nick Ritchie - Boston Bruins : 2 - Detroit Red Wings : 3.
14:43 of 1st period - Auston Matthews wins face-off versus Pavel Zacha in neutral zone.
14:48 of 1st period - Slapshot by Joel Farabee.
14:48 of 1st period - Shot Misses the Net.
15:08 of 1st period - Jordan Spence is hit by Sean Couturier and loses puck.
15:55 of 1st period - Slapshot by Daniel Sprong.
15:55 of 1st period - Shot Misses the Net.
16:37 of 1st period - Snap shot by Auston Matthews.
16:37 of 1st period - Shot Blocked by Brandon Hagel.
16:51 of 1st period - Mason Appleton is hit by Keith Yandle and loses puck.
17:12 of 1st period - Jordan Spence is hit by Kris Letang and loses puck.
17:21 of 1st period - Slapshot by Charlie McAvoy.
17:21 of 1st period - Shot Blocked by Jamie Drysdale.
18:20 of 1st period - Minor Penalty to MacKenzie Weegar for Interference.
18:21 of 1st period - Auston Matthews wins face-off versus Vincent Trocheck in Detroit Red Wings zone.
Goals for this period are 2 for Boston Bruins vs 3 for Detroit Red Wings.
Shots for this period are 6 for Boston Bruins vs 8 for Detroit Red Wings.
2nd period
0:01 of 2nd period - Mika Zibanejad wins face-off versus Pavel Zacha in neutral zone.
0:10 of 2nd period - Snap shot by Vincent Trocheck.
0:10 of 2nd period - Deflect By Phil Kessel.
0:10 of 2nd period - Shot Misses the Net.
0:10 of 2nd period - Puck is out of play.
0:11 of 2nd period - Auston Matthews wins face-off versus Ryan Donato in Detroit Red Wings zone.
0:20 of 2nd period - Penalty to MacKenzie Weegar is over, MacKenzie Weegar is back on ice.
0:20 of 2nd period - Slapshot by Ryan Donato.
0:20 of 2nd period - Shot Misses the Net.
0:44 of 2nd period - Slapshot by Shayne Gostisbehere.
0:44 of 2nd period - Goal by Shayne Gostisbehere - Boston Bruins : 2 - Detroit Red Wings : 4.
0:45 of 2nd period - Auston Matthews wins face-off versus Joel Farabee in neutral zone.
1:19 of 2nd period - Slapshot by Sean Couturier.
1:19 of 2nd period - Stopped by David Rittich without a rebound.
1:20 of 2nd period - Mika Zibanejad wins face-off versus Vincent Trocheck in Boston Bruins zone.
1:21 of 2nd period - Wrist shot by Brock Nelson.
1:21 of 2nd period - Shot Blocked by Vincent Trocheck.
1:23 of 2nd period - Slapshot by Shayne Gostisbehere.
1:23 of 2nd period - Stopped by David Rittich with a rebound.
1:25 of 2nd period - Slapshot by Shayne Gostisbehere.
1:25 of 2nd period - Goal by Shayne Gostisbehere - Boston Bruins : 2 - Detroit Red Wings : 5.
1:26 of 2nd period - Pavel Zacha wins face-off versus Auston Matthews in neutral zone.
1:29 of 2nd period - Auston Matthews is hit by Pavel Zacha and loses puck.
1:48 of 2nd period - Minor Penalty to Joel Farabee for Hooking.
1:49 of 2nd period - Auston Matthews wins face-off versus Vincent Trocheck in Boston Bruins zone.
1:54 of 2nd period - Wrist shot by Auston Matthews.
1:54 of 2nd period - Goal by Auston Matthews - Boston Bruins : 2 - Detroit Red Wings : 6.
1:55 of 2nd period - Vincent Trocheck wins face-off versus Auston Matthews in neutral zone.
2:46 of 2nd period - Kris Letang is hit by Joel Farabee and loses puck.
3:05 of 2nd period - Wrist shot by Brandon Hagel.
3:05 of 2nd period - Stopped by Semyon Varlamov with a rebound.
3:33 of 2nd period - Arthur Kaliyev is hit by Morgan Geekie and loses puck.
3:50 of 2nd period - Wrist shot by Joonas Donskoi.
3:50 of 2nd period - Shot Blocked by Michael Del Zotto.
3:52 of 2nd period - Snap shot by Jordan Spence.
3:52 of 2nd period - Shot Blocked by Michael Del Zotto.
3:54 of 2nd period - Snap shot by Ryan Donato.
3:54 of 2nd period - Stopped by Semyon Varlamov with a rebound.
4:11 of 2nd period - Icing by Tyler Ennis.
4:12 of 2nd period - Pavel Zacha wins face-off versus Jared McCann in Detroit Red Wings zone.
4:13 of 2nd period - Snap shot by Joel Farabee.
4:13 of 2nd period - Shot Misses the Net.
4:47 of 2nd period - Snap shot by Jared McCann.
4:47 of 2nd period - Shot Misses the Net.
4:49 of 2nd period - Wrist shot by Shayne Gostisbehere.
4:49 of 2nd period - Shot Misses the Net.
4:51 of 2nd period - Snap shot by Nick Ritchie.
4:51 of 2nd period - Shot Misses the Net.
4:53 of 2nd period - Slapshot by Shayne Gostisbehere.
4:53 of 2nd period - Shot Blocked by Charlie McAvoy.
4:55 of 2nd period - Snap shot by Nick Ritchie.
4:55 of 2nd period - Shot Blocked by Charlie McAvoy.
4:57 of 2nd period - Slapshot by Michael Del Zotto.
4:57 of 2nd period - Stopped by David Rittich without a rebound.
4:58 of 2nd period - Vincent Trocheck wins face-off versus Auston Matthews in Boston Bruins zone.
5:05 of 2nd period - Wrist shot by Phil Kessel.
5:05 of 2nd period - Shot Blocked by Auston Matthews.
5:07 of 2nd period - Slapshot by Matt Grzelcyk.
5:07 of 2nd period - Shot Blocked by Auston Matthews.
6:17 of 2nd period - Wrist shot by Joonas Donskoi.
6:17 of 2nd period - Shot Blocked by Tyler Ennis.
6:23 of 2nd period - Tyler Ennis is hit by Joonas Donskoi and loses puck.
6:29 of 2nd period - Off-side.
6:30 of 2nd period - Auston Matthews wins face-off versus Vincent Trocheck in neutral zone.
6:55 of 2nd period - Brock Nelson is hit by Joel Farabee and loses puck.
7:22 of 2nd period - Wrist shot by Jared McCann.
7:22 of 2nd period - Shot Misses the Net.
7:24 of 2nd period - Minor Penalty to Mason Appleton for Interference.
7:25 of 2nd period - Mika Zibanejad wins face-off versus Pavel Zacha in Boston Bruins zone.
7:32 of 2nd period - Slapshot by Sean Couturier.
7:32 of 2nd period - Shot Blocked by Charlie McAvoy.
7:34 of 2nd period - Slapshot by Jamie Drysdale.
7:34 of 2nd period - Shot Blocked by Samuel Girard.
7:36 of 2nd period - Snap shot by Mika Zibanejad.
7:36 of 2nd period - Goal by Mika Zibanejad - Boston Bruins : 2 - Detroit Red Wings : 7.
7:37 of 2nd period - Auston Matthews wins face-off versus Vincent Trocheck in neutral zone.
7:52 of 2nd period - Minor Penalty to Kris Letang for Roughing.
7:53 of 2nd period - Auston Matthews wins face-off versus Vincent Trocheck in Detroit Red Wings zone.
8:03 of 2nd period - Snap shot by Mika Zibanejad.
8:03 of 2nd period - Stopped by David Rittich with a rebound.
8:05 of 2nd period - Wrist shot by Michael Del Zotto.
8:05 of 2nd period - Shot Misses the Net.
8:07 of 2nd period - Snap shot by Sean Couturier.
8:07 of 2nd period - Goal by Sean Couturier - Boston Bruins : 2 - Detroit Red Wings : 8.
8:08 of 2nd period - Auston Matthews wins face-off versus Ryan Donato in neutral zone.
8:15 of 2nd period - Slapshot by Shayne Gostisbehere.
8:15 of 2nd period - Shot Misses the Net.
9:14 of 2nd period - Shayne Gostisbehere is hit by Charlie McAvoy and loses puck.
9:52 of 2nd period - Penalty to Kris Letang is over, Kris Letang is back on ice.
9:55 of 2nd period - Snap shot by Sean Couturier.
9:55 of 2nd period - Shot Blocked by Matt Grzelcyk.
10:47 of 2nd period - Victor Mete is hit by Jonathan Huberdeau and loses puck.
11:00 of 2nd period - MacKenzie Weegar is hit by Joonas Donskoi and loses puck.
11:31 of 2nd period - Charlie McAvoy is hit by Arthur Kaliyev and loses puck.
12:07 of 2nd period - Snap shot by Mika Zibanejad.
12:07 of 2nd period - Shot Misses the Net.
12:15 of 2nd period - Brock Nelson is hit by Pavel Zacha and loses puck.
12:33 of 2nd period - Slapshot by Michael Del Zotto.
12:33 of 2nd period - Stopped by David Rittich without a rebound.
12:34 of 2nd period - Vincent Trocheck wins face-off versus Jared McCann in Boston Bruins zone.
12:51 of 2nd period - Snap shot by Jonathan Huberdeau.
12:51 of 2nd period - Stopped by David Rittich with a rebound.
12:53 of 2nd period - Backhand shot by Auston Matthews.
12:53 of 2nd period - Shot Misses the Net.
12:55 of 2nd period - Slapshot by Arthur Kaliyev.
12:55 of 2nd period - Shot Misses the Net.
13:37 of 2nd period - Snap shot by Sean Couturier.
13:37 of 2nd period - Shot Blocked by Jordan Spence.
13:39 of 2nd period - Wrist shot by Brock Nelson.
13:39 of 2nd period - Shot Misses the Net.
13:53 of 2nd period - Slapshot by Tyson Barrie.
13:53 of 2nd period - Deflect By Brandon Hagel.
13:53 of 2nd period - Shot Misses the Net.
13:53 of 2nd period - Puck is out of play.
13:54 of 2nd period - Phil Kessel wins face-off versus Jared McCann in Detroit Red Wings zone.
13:59 of 2nd period - Slapshot by Charlie McAvoy.
13:59 of 2nd period - Shot Misses the Net.
14:50 of 2nd period - Slapshot by Sean Couturier.
14:50 of 2nd period - Shot Blocked by Samuel Girard.
14:52 of 2nd period - Snap shot by Michael Del Zotto.
14:52 of 2nd period - Stopped by David Rittich without a rebound.
14:53 of 2nd period - Vincent Trocheck wins face-off versus Auston Matthews in Boston Bruins zone.
14:59 of 2nd period - Off-side.
15:00 of 2nd period - Vincent Trocheck wins face-off versus Auston Matthews in neutral zone.
15:09 of 2nd period - Wrist shot by Auston Matthews.
15:09 of 2nd period - Deflect By Jonathan Huberdeau.
15:09 of 2nd period - Shot Blocked by Vincent Trocheck.
15:09 of 2nd period - Puck is out of play.
15:10 of 2nd period - Auston Matthews wins face-off versus Pavel Zacha in Boston Bruins zone.
16:07 of 2nd period - Slapshot by Kris Letang.
16:07 of 2nd period - Stopped by David Rittich without a rebound.
16:08 of 2nd period - Auston Matthews wins face-off versus Vincent Trocheck in Boston Bruins zone.
16:19 of 2nd period - Snap shot by Auston Matthews.
16:19 of 2nd period - Shot Misses the Net.
17:27 of 2nd period - Snap shot by Jonathan Huberdeau.
17:27 of 2nd period - Stopped by David Rittich with a rebound.
18:02 of 2nd period - Snap shot by Pavel Zacha.
18:02 of 2nd period - Shot Misses the Net.
18:04 of 2nd period - Snap shot by Matt Grzelcyk.
18:04 of 2nd period - Shot Blocked by Kris Letang.
18:06 of 2nd period - Wrist shot by Joel Farabee.
18:06 of 2nd period - Shot Blocked by MacKenzie Weegar.
18:08 of 2nd period - Snap shot by Joel Farabee.
18:08 of 2nd period - Goal by Joel Farabee - Boston Bruins : 3 - Detroit Red Wings : 8.
18:09 of 2nd period - Pavel Zacha wins face-off versus Jonathan Huberdeau in neutral zone.
18:09 of 2nd period - Pavel Zacha is hit by Auston Matthews.
18:20 of 2nd period - Slapshot by Kris Letang.
18:20 of 2nd period - Deflect By Jonathan Huberdeau.
18:20 of 2nd period - Shot Blocked by Jordan Spence.
18:20 of 2nd period - Puck is out of play.
18:21 of 2nd period - Auston Matthews wins face-off versus Vincent Trocheck in Boston Bruins zone.
18:24 of 2nd period - Slapshot by Jonathan Huberdeau.
18:24 of 2nd period - Stopped by David Rittich with a rebound.
19:15 of 2nd period - Wrist shot by Jared McCann.
19:15 of 2nd period - Shot Blocked by Samuel Girard.
19:17 of 2nd period - Snap shot by Tyler Ennis.
19:17 of 2nd period - Stopped by David Rittich with a rebound.
19:19 of 2nd period - Wrist shot by Nick Ritchie.
19:19 of 2nd period - Stopped by David Rittich with a rebound.
Goals for this period are 1 for Boston Bruins vs 5 for Detroit Red Wings.
Shots for this period are 3 for Boston Bruins vs 17 for Detroit Red Wings.
3rd period
0:01 of 3rd period - Pavel Zacha wins face-off versus Auston Matthews in neutral zone.
0:04 of 3rd period - Wrist shot by Jordan Spence.
0:04 of 3rd period - Deflect By Pavel Zacha.
0:04 of 3rd period - Stopped by Semyon Varlamov with a rebound.
0:26 of 3rd period - Snap shot by Vincent Trocheck.
0:26 of 3rd period - Stopped by Semyon Varlamov with a rebound.
0:30 of 3rd period - Wrist shot by Vincent Trocheck.
0:30 of 3rd period - Shot Misses the Net.
0:32 of 3rd period - Wrist shot by Phil Kessel.
0:32 of 3rd period - Deflect By Vincent Trocheck.
0:32 of 3rd period - Deflect By Sean Couturier.
0:32 of 3rd period - Shot Misses the Net.
0:32 of 3rd period - Puck is out of play.
0:33 of 3rd period - Vincent Trocheck wins face-off versus Mika Zibanejad in Detroit Red Wings zone.
1:06 of 3rd period - Snap shot by Joel Farabee.
1:06 of 3rd period - Stopped by Semyon Varlamov with a rebound.
1:49 of 3rd period - Slapshot by Jason Zucker.
1:49 of 3rd period - Shot Misses the Net.
1:51 of 3rd period - Slapshot by MacKenzie Weegar.
1:51 of 3rd period - Stopped by David Rittich with a rebound.
1:53 of 3rd period - Slapshot by MacKenzie Weegar.
1:53 of 3rd period - Shot Blocked by Mason Appleton.
2:07 of 3rd period - Snap shot by Sean Couturier.
2:07 of 3rd period - Stopped by David Rittich with a rebound.
2:13 of 3rd period - Wrist shot by Vincent Trocheck.
2:13 of 3rd period - Stopped by Semyon Varlamov without a rebound.
2:14 of 3rd period - Auston Matthews wins face-off versus Pavel Zacha in Detroit Red Wings zone.
3:06 of 3rd period - Nick Ritchie is hit by Brandon Hagel and loses puck.
3:25 of 3rd period - Jason Spezza is hit by Mason Appleton.
3:54 of 3rd period - Snap shot by Anthony Beauvillier.
3:54 of 3rd period - Shot Blocked by Jonathan Huberdeau.
3:56 of 3rd period - Slapshot by Jordan Spence.
3:56 of 3rd period - Stopped by Semyon Varlamov with a rebound.
3:58 of 3rd period - Slapshot by Tyson Barrie.
3:58 of 3rd period - Stopped by Semyon Varlamov without a rebound.
3:59 of 3rd period - Ryan Donato wins face-off versus Mika Zibanejad in Detroit Red Wings zone.
4:00 of 3rd period - Slapshot by Charlie McAvoy.
4:00 of 3rd period - Shot Misses the Net.
4:57 of 3rd period - Charlie McAvoy is hit by Nick Ritchie and loses puck.
6:07 of 3rd period - Matt Grzelcyk is hit by MacKenzie Weegar and loses puck.
6:19 of 3rd period - Jason Spezza is hit by Phil Kessel and loses puck.
6:55 of 3rd period - Jamie Drysdale is hit by Charlie McAvoy.
7:11 of 3rd period - Slapshot by Jason Spezza.
7:11 of 3rd period - Stopped by David Rittich without a rebound.
7:12 of 3rd period - Anthony Beauvillier wins face-off versus Auston Matthews in Boston Bruins zone.
7:32 of 3rd period - Joel Farabee is hit by Auston Matthews and loses puck.
8:04 of 3rd period - Slapshot by Mason Appleton.
8:04 of 3rd period - Stopped by Semyon Varlamov with a rebound.
8:06 of 3rd period - Snap shot by Morgan Geekie.
8:06 of 3rd period - Deflect By Mason Appleton.
8:06 of 3rd period - Stopped by Semyon Varlamov without a rebound.
8:07 of 3rd period - Tyler Ennis wins face-off versus Morgan Geekie in Detroit Red Wings zone.
8:07 of 3rd period - Tyler Ennis is hit by Morgan Geekie.
8:20 of 3rd period - Minor Penalty to Matt Grzelcyk for Tripping.
8:21 of 3rd period - Auston Matthews wins face-off versus Pavel Zacha in Boston Bruins zone.
8:47 of 3rd period - Mika Zibanejad is hit by Joel Farabee and loses puck.
10:20 of 3rd period - Penalty to Matt Grzelcyk is over, Matt Grzelcyk is back on ice.
10:28 of 3rd period - Snap shot by Charlie McAvoy.
10:28 of 3rd period - Stopped by Semyon Varlamov with a rebound.
10:30 of 3rd period - Wrist shot by Ryan Donato.
10:30 of 3rd period - Stopped by Semyon Varlamov without a rebound.
10:31 of 3rd period - Jason Spezza wins face-off versus Ryan Donato in Detroit Red Wings zone.
10:36 of 3rd period - Slapshot by Shayne Gostisbehere.
10:36 of 3rd period - Shot Blocked by Tyson Barrie.
10:42 of 3rd period - Backhand shot by Joonas Donskoi.
10:42 of 3rd period - Shot Misses the Net.
10:44 of 3rd period - Slapshot by Tyson Barrie.
10:44 of 3rd period - Deflect By Michael Del Zotto.
10:44 of 3rd period - Stopped by Semyon Varlamov with a rebound.
11:26 of 3rd period - Snap shot by Phil Kessel.
11:26 of 3rd period - Stopped by Semyon Varlamov without a rebound.
11:27 of 3rd period - Phil Kessel wins face-off versus Auston Matthews in Detroit Red Wings zone.
11:28 of 3rd period - Wrist shot by Vincent Trocheck.
11:28 of 3rd period - Stopped by Semyon Varlamov with a rebound.
11:44 of 3rd period - Wrist shot by Jonathan Huberdeau.
11:44 of 3rd period - Stopped by David Rittich with a rebound.
11:54 of 3rd period - Joel Farabee is hit by Kris Letang and loses puck.
11:59 of 3rd period - Snap shot by Sean Couturier.
11:59 of 3rd period - Shot Misses the Net.
12:01 of 3rd period - Snap shot by Sean Couturier.
12:01 of 3rd period - Shot Blocked by Pavel Zacha.
12:03 of 3rd period - Slapshot by Jamie Drysdale.
12:03 of 3rd period - Stopped by David Rittich with a rebound.
12:23 of 3rd period - Joonas Donskoi is hit by Jared McCann and loses puck.
14:08 of 3rd period - Wrist shot by Sean Couturier.
14:08 of 3rd period - Shot Misses the Net.
14:10 of 3rd period - Slapshot by Jamie Drysdale.
14:10 of 3rd period - Shot Misses the Net.
14:12 of 3rd period - Wrist shot by Mika Zibanejad.
14:12 of 3rd period - Stopped by David Rittich without a rebound.
14:13 of 3rd period - Mika Zibanejad wins face-off versus Pavel Zacha in Boston Bruins zone.
14:28 of 3rd period - Wrist shot by Pavel Zacha.
14:28 of 3rd period - Shot Blocked by MacKenzie Weegar.
14:34 of 3rd period - Minor Penalty to MacKenzie Weegar for Holding.
14:35 of 3rd period - Auston Matthews wins face-off versus Vincent Trocheck in Detroit Red Wings zone.
15:10 of 3rd period - Snap shot by Charlie McAvoy.
15:10 of 3rd period - Stopped by Semyon Varlamov with a rebound.
16:34 of 3rd period - Penalty to MacKenzie Weegar is over, MacKenzie Weegar is back on ice.
17:13 of 3rd period - Icing by Vincent Trocheck.
17:14 of 3rd period - Jason Spezza wins face-off versus Brandon Hagel in Boston Bruins zone.
17:15 of 3rd period - Slapshot by Kris Letang.
17:15 of 3rd period - Deflect By Jordan Spence.
17:15 of 3rd period - Stopped by David Rittich with a rebound.
17:17 of 3rd period - Wrist shot by Jason Spezza.
17:17 of 3rd period - Stopped by David Rittich with a rebound.
17:19 of 3rd period - Snap shot by Daniel Sprong.
17:19 of 3rd period - Stopped by David Rittich with a rebound.
17:21 of 3rd period - Snap shot by Jason Zucker.
17:21 of 3rd period - Stopped by David Rittich with a rebound.
17:37 of 3rd period - Brandon Hagel is hit by MacKenzie Weegar and loses puck.
17:42 of 3rd period - Slapshot by Kris Letang.
17:42 of 3rd period - Stopped by David Rittich with a rebound.
17:44 of 3rd period - Slapshot by MacKenzie Weegar.
17:44 of 3rd period - Shot Misses the Net.
17:46 of 3rd period - Snap shot by Daniel Sprong.
17:46 of 3rd period - Shot Misses the Net.
17:48 of 3rd period - Snap shot by Jason Zucker.
17:48 of 3rd period - Shot Misses the Net.
17:50 of 3rd period - Slapshot by MacKenzie Weegar.
17:50 of 3rd period - Stopped by David Rittich without a rebound.
17:51 of 3rd period - Jared McCann wins face-off versus Joel Farabee in Boston Bruins zone.
17:58 of 3rd period - Slapshot by Tyler Ennis.
17:58 of 3rd period - Stopped by David Rittich without a rebound.
17:59 of 3rd period - Pavel Zacha wins face-off versus Jared McCann in Boston Bruins zone.
18:17 of 3rd period - Snap shot by Pavel Zacha.
18:17 of 3rd period - Shot Blocked by Nick Ritchie.
18:27 of 3rd period - Slapshot by Shayne Gostisbehere.
18:27 of 3rd period - Stopped by David Rittich with a rebound.
18:45 of 3rd period - Snap shot by Pavel Zacha.
18:45 of 3rd period - Stopped by Semyon Varlamov without a rebound.
18:46 of 3rd period - Ryan Donato wins face-off versus Auston Matthews in Detroit Red Wings zone.
18:51 of 3rd period - Snap shot by Ryan Donato.
18:51 of 3rd period - Deflect By Brock McGinn.
18:51 of 3rd period - Shot Misses the Net.
18:51 of 3rd period - Puck is out of play.
18:52 of 3rd period - Auston Matthews wins face-off versus Ryan Donato in Detroit Red Wings zone.
19:16 of 3rd period - Snap shot by Ryan Donato.
19:16 of 3rd period - Stopped by Semyon Varlamov with a rebound.
19:20 of 3rd period - Snap shot by Joonas Donskoi.
19:20 of 3rd period - Stopped by Semyon Varlamov without a rebound.
19:21 of 3rd period - Mika Zibanejad wins face-off versus Pavel Zacha in Detroit Red Wings zone.
Goals for this period are 0 for Boston Bruins vs 0 for Detroit Red Wings.
Shots for this period are 17 for Boston Bruins vs 14 for Detroit Red Wings.
Back to the Top